[Event "fics rated crazyhouse match"]
[Site "fics, Oklahoma City, OK USA"]
[Date "2000.01.05"]
[White "jtp"]
[WhiteElo "2272"]
[Black "Thufir"]
[BlackElo "2338"]
[TimeControl "60+0"]
[Result "1-0"]

1. e4 e6 2. Nc3 Nc6 3. Nf3 Bb4 4. Bb5 Nf6 5. e5 Nd5 6. Nxd5 
exd5 7. N@f5 N@e6 8. c3 Be7 9. d4 d6 10. Qe2 dxe5 11. Nxe5 Bd7 
12. Bxc6 bxc6 13. Nxf7 Kxf7 14. N@e5+ Kf8 15. P@g6 N@f4 16. Bxf4 Nxf4 17. N@f7 
Nxe2 18. Nxd8 P@d2+ 19. Kxe2 B@h5+ 20. f3 Q@e4+ 21. N@e3 B@a6+ 22. P@d3 Bxd3+ 
23. Nxd3 Ke8 24. Nxg7+ Kxd8 25. Nxh5 Qe6 26. B@f5 Qd6 27. g7 Re8 28. P@f7 
Kc8 29. fxe8=Q+ N@d8 30. Qxd7+ Qxd7 31. Bxd7+ Kxd7 32. Ne5+ Kc8 33. Q@a6+ B@b7 
34. Q@d7+ Kb8 35. R@c8+ Bxc8 36. Qdxc8# 
{Thufir checkmated} 1-0

[Event "fics rated crazyhouse match"]
[Site "fics, Oklahoma City, OK USA"]
[Date "2000.01.05"]
[White "Thufir"]
[WhiteElo "2329"]
[Black "jtp"]
[BlackElo "2281"]
[TimeControl "60+0"]
[Result "0-1"]

1. e4 Nf6 2. Nc3 d5 3. exd5 Nxd5 4. d4 e6 5. Nf3 Bb4 6. Bd3 
Qe7 7. Bd2 P@a3 8. Nxd5 exd5+ 9. P@e5 axb2 10. Bxb4 Qxb4+ 11. B@d2 bxa1=Q 
12. Bxb4 Qxd1+ 13. Kxd1 Nc6 14. P@e7 Q@b1+ 15. N@c1 Qxb4 16. Q@d2 N@c3+ 17. Ke1 
P@b2 18. Ne2 b1=Q+ 19. Nc1 B@a3 20. Be2 Bxc1 21. Qd3 Bh6+ 22. Bd1 Nxd1+ 
23. Ke2 Nc3+ 24. Qxc3 N@f4+ 25. Ke3 Qxc3+ 26. N@d3 Q@e4# 
{Thufir checkmated} 0-1

[Event "fics rated crazyhouse match"]
[Site "fics, Oklahoma City, OK USA"]
[Date "2000.01.05"]
[White "jtp"]
[WhiteElo "2290"]
[Black "Thufir"]
[BlackElo "2320"]
[TimeControl "60+0"]
[Result "0-1"]

1. e4 e6 2. Nc3 Nc6 3. Nf3 Nf6 4. Bb5 Bb4 5. e5 Ng4 6. d4 
Bxc3+ 7. bxc3 N@e4 8. B@h4 Nxc3 9. Bxd8 Nxd1 10. Bxc6 Kxd8 11. Bg5+ P@e7 
12. Rxd1 B@b4+ 13. Ke2 dxc6 14. Q@h4 B@a6+ 15. N@d3 Bxd3+ 16. Kxd3 Q@c3+ 17. Ke2 
Qxc2+ 18. Rd2 P@d3+ 19. Kf1 Qc1+ 20. B@e1 N@f5 21. Qxg4 Bxd2 22. Nxd2 R@e2 
23. N@f3 Rxe1+ 24. Nxe1 B@e2+ 25. Qxe2 dxe2+ 26. Kxe2 Nxd4+ 27. Ke3 Q@e2+ 28. Kxd4 
P@c5# 
{jtp checkmated} 0-1

[Event "fics rated crazyhouse match"]
[Site "fics, Oklahoma City, OK USA"]
[Date "2000.01.05"]
[White "Thufir"]
[WhiteElo "2327"]
[Black "jtp"]
[BlackElo "2283"]
[TimeControl "60+0"]
[Result "0-1"]

1. e4 Nc6 2. Nc3 Nf6 3. d3 e5 4. Nf3 Bc5 5. Be2 d5 6. exd5 
Nxd5 7. Nxd5 Qxd5 8. N@e4 Bb4+ 9. P@c3 Be7 10. O-O P@h3 11. gxh3 Bxh3 
12. c4 Qd7 13. P@d5 Nd4 14. Nxe5 Nxe2+ 15. Qxe2 P@g2 16. Re1 N@d4 17. Qh5 
B@g6 18. Qd1 Qf5 19. P@d7+ Kf8 20. N@f3 Qxf3 21. Nxf3 Nxf3+ 22. Qxf3 N@e5 
23. Qxh3 N@f3+ 24. Qxf3 Nxf3+ 25. Kxg2 Nxe1+ 26. Kf1 Q@g2+ 27. Ke2 Bxe4 28. N@e6+ 
fxe6 29. Q@f4+ R@f5 30. Qxf5+ Bxf5 31. R@f7+ Kxf7 32. N@e5+ Kf8 33. Be3 Qf3+ 
34. Kd2 Bb4+ 35. Kc1 Q@d1# 
{Thufir checkmated} 0-1

[Event "fics rated crazyhouse match"]
[Site "fics, Oklahoma City, OK USA"]
[Date "2000.01.05"]
[White "jtp"]
[WhiteElo "2292"]
[Black "Thufir"]
[BlackElo "2318"]
[TimeControl "60+0"]
[Result "1-0"]

1. e4 e6 2. d4 d6 3. Nc3 Nf6 4. Bd3 Nc6 5. Nf3 Be7 6. e5 
Ng4 7. exd6 cxd6 8. Qe2 O-O 9. Bxh7+ Kxh7 10. h4 P@f5 11. Ng5+ Bxg5 
12. hxg5+ B@h2 13. P@f3 Nxd4 14. fxg4 Nxe2 15. Rxh2+ P@h6 16. Nxe2 N@d4 17. B@d3 
Nxe2 18. gxh6 Q@g1+ 19. N@f1 N@e4 20. Bxe4 fxe4 21. hxg7+ Qxh2 22. Nxh2 B@f6 
23. gxf8=Q Qxf8 24. R@h3+ P@h4 25. Q@h5+ R@h6 26. Bxh6 Qxh6 27. Qxh6+ Kxh6 28. R@h5+ 
Kg7 29. Q@h8+ Kg6 30. Qh7# 
{Thufir checkmated} 1-0

[Event "fics rated crazyhouse match"]
[Site "fics, Oklahoma City, OK USA"]
[Date "2000.01.05"]
[White "Thufir"]
[WhiteElo "2309"]
[Black "jtp"]
[BlackElo "2301"]
[TimeControl "60+0"]
[Result "0-1"]

1. e4 Nf6 2. Nc3 d5 3. exd5 Nxd5 4. d4 e6 5. P@e4 Nxc3 6. bxc3 
P@b4 7. Nf3 bxc3 8. Bb5+ Bd7 9. Bxd7+ Nxd7 10. O-O B@h5 11. Bg5 Be7 
12. Bxe7 Qxe7 13. B@g5 f6 14. Bh4 B@g4 15. B@e2 N@f4 16. N@e5 Nxe2+ 17. Qxe2 
Nxe5 18. dxe5 P@h3 19. exf6 gxf6 20. N@e5 hxg2 21. Rfe1 Bxf3 22. Qxf3 Bxf3 
23. P@d7+ Qxd7 24. B@h5+ Bxh5 25. N@g3 N@h3+ 26. Kxg2 N@f4+ 27. Kf1 Q@g2# 
{Thufir checkmated} 0-1

[Event "fics rated crazyhouse match"]
[Site "fics, Oklahoma City, OK USA"]
[Date "2000.01.05"]
[White "jtp"]
[WhiteElo "2309"]
[Black "Thufir"]
[BlackElo "2301"]
[TimeControl "60+0"]
[Result "0-1"]

1. e4 e6 2. d4 d6 3. Nc3 Nf6 4. Bd3 Be7 5. Nf3 Nc6 6. e5 
Nxd4 7. Nxd4 dxe5 8. Nf3 Ng4 9. Qe2 P@d4 10. N@h5 Rg8 11. Nxe5 Nxe5 
12. Qxe5 P@f6 13. Qe4 dxc3 14. Qxh7 Kd7 15. bxc3 c6 16. Nxg7 N@h4 17. Qxh4 
Rxg7 18. N@f3 Rxg2 19. Bf4 P@e5 20. Bxe5 fxe5 21. Nxe5+ Kc7 22. Qf4 B@d6 
23. Rd1 N@d5 24. Qf3 Rg8 25. P@d4 N@h4 26. Qh5 Bxe5 27. dxe5 N@f3+ 28. Ke2 
Nxc3+ 29. Ke3 Qd4# 
{jtp checkmated} 0-1

[Event "fics rated crazyhouse match"]
[Site "fics, Oklahoma City, OK USA"]
[Date "2000.01.05"]
[White "Thufir"]
[WhiteElo "2309"]
[Black "jtp"]
[BlackElo "2301"]
[TimeControl "60+0"]
[Result "1-0"]

1. e4 Nf6 2. Nc3 d5 3. exd5 Nxd5 4. d4 e6 5. P@c4 Nxc3 6. bxc3 
P@b4 7. Bd2 N@e4 8. Bd3 Nxd2 9. Qxd2 bxc3 10. Qe2 Qxd4 11. Nf3 B@d2+ 
12. Kf1 Qd8 13. Nxd2 cxd2 14. Qxd2 P@e4 15. B@g5 P@f6 16. Bxe4 fxg5 17. Qxd8+ 
Kxd8 18. Rd1+ Bd7 19. P@e2 N@c3 20. Re1 Nxe4 21. Q@d3 Q@f5 22. P@f3 B@h3 
23. Rg1 Bxg2+ 24. Rxg2 B@h3 25. B@h1 Bxg2+ 26. Bxg2 R@d2 27. Qxe4 Qxe4 28. fxe4 
g4 29. B@h4+ f6 30. N@f7+ Ke7 31. Nxh8 Be8 32. Q@b4+ Q@d6 33. Qxd6+ Rxd6 
34. N@g8+ Kd7 35. N@f7 P@h3 36. Nxd6 hxg2+ 37. Kxg2 B@h3+ 38. Kg3 Q@g2+ 39. Kf4 
Bxd6+ 40. Ke3 
{jtp forfeits on time} 1-0

[Event "fics rated crazyhouse match"]
[Site "fics, Oklahoma City, OK USA"]
[Date "2000.01.05"]
[White "jtp"]
[WhiteElo "2293"]
[Black "Thufir"]
[BlackElo "2317"]
[TimeControl "60+0"]
[Result "0-1"]

1. Nf3 e6 2. e4 Nc6 3. Nc3 Bb4 4. d4 Nf6 5. e5 Ne4 6. Bd2 
Nxd2 7. Qxd2 B@a5 8. a3 Bxc3 9. bxc3 N@e4 10. N@h5 Nxd2 11. Nxg7+ Kf8 
12. Nxd2 Bxc3 13. B@f6 Bxd2+ 14. Kxd2 N@e4+ 15. Ke3 Nxf6 16. exf6 Qxf6 17. N@h5 
Qxd4+ 18. Kf3 Q@g4# 
{jtp checkmated} 0-1

[Event "fics rated crazyhouse match"]
[Site "fics, Oklahoma City, OK USA"]
[Date "2000.01.05"]
[White "Thufir"]
[WhiteElo "2324"]
[Black "jtp"]
[BlackElo "2286"]
[TimeControl "60+0"]
[Result "1-0"]

1. e4 Nf6 2. Nc3 d5 3. exd5 Nxd5 4. d4 e6 5. P@c4 Bb4 6. Bd2 
Nxc3 7. bxc3 N@e4 8. cxb4 Qxd4 9. B@e3 Qd8 10. Bd3 Nxd2 11. Qxd2 B@b2 
12. Rd1 P@c3 13. Qe2 P@d2+ 14. Kf1 Nc6 15. N@h5 Rg8 16. Bxh7 Rh8 17. Nxg7+ 
Kf8 18. N@h5 Rxh7 19. P@f6 B@g6 20. P@e7+ Nxe7 21. fxe7+ Qxe7 22. N@f6 Rxg7 
23. Bh6 N@f5 24. Bxg7+ Nxg7 25. R@g8# 
{jtp checkmated} 1-0

[Event "fics rated crazyhouse match"]
[Site "fics, Oklahoma City, OK USA"]
[Date "2000.01.05"]
[White "jtp"]
[WhiteElo "2279"]
[Black "Thufir"]
[BlackElo "2331"]
[TimeControl "60+0"]
[Result "0-1"]

1. e4 e6 2. Nc3 Nc6 3. Nf3 Bb4 4. e5 d6 5. exd6 cxd6 6. d4 
Nf6 7. Bd3 P@e4 8. Bxe4 Nxe4 9. O-O Bxc3 10. bxc3 Nxc3 11. Qd3 P@e4 
12. Qxc3 N@e2+ 13. Kh1 Nxc3 14. Ng5 Nxd4 15. Nxf7 B@f3 16. B@h3 Kxf7 17. N@g5+ 
Kf8 18. P@h6 Bxg2+ 19. Bxg2 P@f3 20. hxg7+ Ke7 21. Nxf3 exf3 22. Bxf3 Nxf3 
23. B@g2 P@h3 24. Bxh3 N@f4 25. Bxf4 B@e2 26. P@f6+ Kd7 27. gxh8=Q Qxh8 28. R@e7+ 
Kc6 29. N@b4+ Kb6 30. P@c5+ Kxc5 
{jtp forfeits on time} 0-1

[Event "fics rated crazyhouse match"]
[Site "fics, Oklahoma City, OK USA"]
[Date "2000.01.05"]
[White "Thufir"]
[WhiteElo "2338"]
[Black "jtp"]
[BlackElo "2272"]
[TimeControl "60+0"]
[Result "0-1"]

1. e4 Nf6 2. Nc3 d5 3. exd5 Nxd5 4. d4 e6 5. Bc4 Bb4 6. Bxd5 
Qxd5 7. Nf3 P@e4 8. N@e3 exf3 9. Nxd5 fxg2 10. Rg1 exd5 11. Qe2+ N@e4 
12. P@d3 B@g4 13. Qe3 N@f3+ 14. Qxf3 Bxf3 15. Bd2 Bxc3 16. N@f4 Bxd2# 
{Thufir checkmated} 0-1

[Event "fics rated crazyhouse match"]
[Site "fics, Oklahoma City, OK USA"]
[Date "2000.01.05"]
[White "jtp"]
[WhiteElo "2281"]
[Black "Thufir"]
[BlackElo "2329"]
[TimeControl "60+0"]
[Result "1-0"]

1. e4 e6 2. Nc3 Nf6 3. Nf3 Bb4 4. e5 Ne4 5. Nxe4 Nc6 6. c3 
Be7 7. d4 d6 8. exd6 cxd6 9. N@h5 Rg8 10. Bd3 f5 11. Neg3 P@e4 
12. Nxe4 fxe4 13. Bxe4 N@g6 14. Qe2 d5 15. Bxg6+ hxg6 16. P@h7 Rf8 17. Nxg7+ 
Kd7 18. N@e5+ Kc7 19. Nxg6 B@g4 20. Bf4+ Bd6 21. P@e5 Be7 22. Nxe7 Nxe7 
23. B@d6+ Kd7 24. Bxe7 Qxe7 25. N@f6+ Kd8 26. Nxg4 Qxg7 27. B@f6+ Rxf6 28. exf6 
Qxh7 29. R@g7 Qh8 30. P@c7+ Ke8 31. P@f7+ Kd7 32. f8=Q+ Kc6 33. Qxh8 P@b6 
34. Q@b5# 
{Thufir checkmated} 1-0

[Event "fics rated crazyhouse match"]
[Site "fics, Oklahoma City, OK USA"]
[Date "2000.01.05"]
[White "Thufir"]
[WhiteElo "2320"]
[Black "jtp"]
[BlackElo "2290"]
[TimeControl "60+0"]
[Result "0-1"]

1. e4 Nf6 2. Nc3 d5 3. exd5 Nxd5 4. d4 e6 5. Nf3 Bb4 6. Bd2 
P@a3 7. Nxd5 Bxd2+ 8. Qxd2 axb2 9. Rd1 Qxd5 10. N@e3 Qxa2 11. Bc4 B@a5 
12. P@c3 Qa1 13. O-O Qxd1 14. Rxd1 N@e4 15. Qe2 Nxc3 16. Bb5+ P@c6 17. B@c5 
P@d6 18. Qe1 Nxd1 19. Qxa5 b1=Q 20. B@e1 Qxb5 21. Qxb5 cxb5 22. Nxd1 P@e2 
23. Ne3 R@d1 24. N@d2 R@a1 25. P@e7 Rxe1+ 26. Nxe1 Rxe1+ 27. R@f1 exf1=Q+ 28. Nexf1 
N@e2# 
{Thufir resigns} 0-1

[Event "fics rated crazyhouse match"]
[Site "fics, Oklahoma City, OK USA"]
[Date "2001.01.05"]
[White "JKiller"]
[WhiteElo "2350"]
[Black "JiggaB"]
[BlackElo "2331"]
[TimeControl "60+0"]
[Result "0-1"]

1. e4 d5 2. Nc3 dxe4 3. Nxe4 Nc6 4. Nf3 Nf6 5. Neg5 e6 6. Bb5 
Bc5 7. d4 Bb4+ 8. c3 Be7 9. Ne5 O-O 10. Bxc6 bxc6 11. Nxc6 Qd7 
12. Nxe7+ Qxe7 13. P@e5 Nd5 14. Nxh7 Qh4 15. Nxf8 Kxf8 16. B@g5 Qe4+ 17. R@e2 
Qxg2 18. P@e7+ Nxe7 19. Bxe7+ Kxe7 20. P@f6+ Ke8 21. N@g3 N@f3# 
{JKiller checkmated} 0-1

[Event "fics rated crazyhouse match"]
[Site "fics, Oklahoma City, OK USA"]
[Date "2001.01.05"]
[White "JKiller"]
[WhiteElo "2374"]
[Black "JiggaB"]
[BlackElo "2299"]
[TimeControl "60+0"]
[Result "1-0"]

1. e4 e6 2. d4 Nc6 3. Nc3 d5 4. exd5 exd5 5. Bb5 Nf6 6. Qe2+ 
Qe7 7. P@e5 Bd7 8. exf6 Qxe2+ 9. Ngxe2 Bb4 10. fxg7 Bxc3+ 11. bxc3 Rg8 
12. N@f6+ Kd8 13. Nxg8 
{JiggaB resigns} 1-0

[Event "fics rated crazyhouse match"]
[Site "fics, Oklahoma City, OK USA"]
[Date "2001.01.05"]
[White "JiggaB"]
[WhiteElo "2293"]
[Black "JKiller"]
[BlackElo "2380"]
[TimeControl "60+0"]
[Result "1-0"]

1. e4 e5 2. Nc3 Nc6 3. Nf3 Bc5 4. Bc4 Nf6 5. O-O d6 6. d3 
Bg4 7. Bg5 Nd4 8. Nxd4 Bxd1 9. Bxf7+ Kf8 10. N@e6+ Kxf7 11. Nxd8+ Ke8 
12. Bxf6 Q@d7 13. Q@e6+ Qxe6 14. N4xe6 Q@d7 15. P@f7+ Qxf7 16. Nxf7 B@h5 17. Q@e7# 
{JKiller checkmated} 1-0

[Event "fics rated crazyhouse match"]
[Site "fics, Oklahoma City, OK USA"]
[Date "2001.01.05"]
[White "JKiller"]
[WhiteElo "2370"]
[Black "JiggaB"]
[BlackElo "2303"]
[TimeControl "60+0"]
[Result "1-0"]

1. e4 d6 2. d4 e6 3. Nc3 Nf6 4. Nf3 Bd7 5. Bd3 Be7 6. O-O 
Nc6 7. e5 dxe5 8. dxe5 Nd5 9. Nxd5 exd5 10. N@h5 N@e6 11. P@f5 P@e4 
12. fxe6 Bxe6 13. Nxg7+ Kd7 14. Nxe6 fxe6 15. Bxe4 N@c5 16. Bxd5 exd5 17. Qxd5+ 
Kc8 18. B@h3+ P@e6 19. Bxe6+ Nxe6 20. Qxe6+ B@d7 21. Qd5 B@e6 22. Qd1 Bg4 
23. P@a6 Bxf3 24. axb7+ Kxb7 25. Qxf3 N@h4 26. N@a5+ Ka6 27. Qe2+ P@b5 28. B@b7+ 
Kxa5 29. N@b3+ Kb6 30. Bxc6 Bxc6 31. P@c5+ Kb7 32. N@a5+ Kc8 33. Nxc6 B@b7 
34. B@h3+ N@d7 35. Nxd8 Rxd8 36. Na5 a6 37. Nxb7 N@e6 38. Qg4 Ndxc5 39. Nxc5 
Bxc5 40. Qxe6+ P@d7 41. P@c6 N@f3+ 42. Kh1 Kb8 43. Q@b7# 
{JiggaB checkmated} 1-0

[Event "fics rated crazyhouse match"]
[Site "fics, Oklahoma City, OK USA"]
[Date "2001.01.05"]
[White "JiggaB"]
[WhiteElo "2297"]
[Black "JKiller"]
[BlackElo "2376"]
[TimeControl "60+0"]
[Result "0-1"]

1. e4 e6 2. Nc3 Nc6 3. d4 d5 4. e5 f6 5. exf6 Nxf6 6. Nf3 
Bb4 7. Bg5 Bxc3+ 8. bxc3 N@e4 9. Bh4 P@b2 10. Rb1 Nxc3 11. B@b5 Nxd1 
12. Bxc6+ bxc6 13. P@f7+ Kf8 14. Be2 Nc3 15. Bd3 Nxb1 16. O-O B@e4 17. Bxe4 
dxe4 18. Ne5 B@f3 19. N@g6+ hxg6 20. Nxg6+ Kxf7 21. Ne5+ Kf8 22. Ng6+ Kg8 
23. P@f7+ Kxf7 24. Ne5+ Kf8 25. B@b4+ P@d6 26. Ng6+ Kg8 27. Nf4 N@h3+ 28. Nxh3 
R@h1+ 29. Kxh1 Bxg2+ 30. Kxg2 P@f3+ 31. Kg1 Q@g2# 
{JiggaB checkmated} 0-1

[Event "fics rated crazyhouse match"]
[Site "fics, Oklahoma City, OK USA"]
[Date "2001.01.05"]
[White "JKiller"]
[WhiteElo "2382"]
[Black "JiggaB"]
[BlackElo "2291"]
[TimeControl "60+0"]
[Result "1-0"]

1. e4 d5 2. exd5 e6 3. Bb5+ c6 4. dxc6 Nxc6 5. d4 Nf6 6. Nf3 
Bb4+ 7. c3 Be7 8. O-O Bd7 9. Re1 Nd5 10. Bd3 P@g6 11. Nbd2 O-O 
12. Ne4 f5 13. Neg5 Qe8 14. Nxe6 Bxe6 15. Rxe6 N@c7 16. Re1 Qd7 17. B@b3 
Bd6 18. P@e4 fxe4 19. Bxe4 P@e6 20. Bexd5 Nxd5 21. Bxd5 exd5 22. P@e6 Qc7 
23. P@f7+ Kh8 24. P@h6 B@f6 25. hxg7+ Bxg7 26. P@h6 Bf6 27. N@g4 B@e7 28. Nxf6 
Bxf6 29. N@g4 Bde7 30. Nxf6 Bxf6 31. B@g5 Rxf7 32. exf7 
{JiggaB resigns} 1-0

[Event "fics rated crazyhouse match"]
[Site "fics, Oklahoma City, OK USA"]
[Date "2001.01.05"]
[White "JiggaB"]
[WhiteElo "2285"]
[Black "JKiller"]
[BlackElo "2388"]
[TimeControl "60+0"]
[Result "0-1"]

1. d4 e6 2. Nc3 Nc6 3. Nf3 Nf6 4. Bg5 Be7 5. Ne5 O-O 6. Bxf6 
Bxf6 7. Nxc6 bxc6 8. e4 Bb7 9. e5 Be7 10. N@h5 f6 11. exf6 Bxf6 
12. P@e5 Bg5 13. Nxg7 P@d2+ 14. Ke2 N@c1+ 15. Rxc1 dxc1=Q 16. N@f3 Qxd1+ 17. Kxd1 
Q@c1+ 18. Ke2 Qxc2+ 19. P@d2 Ba6+ 20. P@b5 Bxb5+ 21. Nxb5 B@d3+ 22. Ke1 R@d1# 
{JiggaB checkmated} 0-1

[Event "fics rated crazyhouse match"]
[Site "fics, Oklahoma City, OK USA"]
[Date "2001.01.05"]
[White "JKiller"]
[WhiteElo "2394"]
[Black "JiggaB"]
[BlackElo "2279"]
[TimeControl "60+0"]
[Result "0-1"]

1. e4 d5 2. exd5 Qxd5 3. Nc3 Qd8 4. d4 Nf6 5. Nf3 e6 6. Ne5 
Be7 7. Bb5+ P@c6 8. Be2 Nbd7 9. O-O Nxe5 10. dxe5 Nd5 11. Nxd5 cxd5 
12. N@h5 Rg8 13. Nf4 N@f5 14. c4 Bg5 15. cxd5 Bxf4 16. Bxf4 N@h4 17. d6 
Nxg2 18. P@e7 Qd7 19. B@h3 Nxf4 20. Bxf5 exf5 21. Bf3 P@e4 22. N@c5 exf3 
23. Qxf3 N@e2+ 24. Kh1 B@c6 25. P@e4 B@g4 26. Qg2 B@f3 27. Rg1 Nxg2 28. Nxd7 
Nh4+ 29. P@g2 B8xd7 30. Q@d8+ Rxd8 31. exd8=Q+ Kxd8 32. dxc7+ Kxc7 33. P@d6+ Kb8 
34. N@c7 Bxg2+ 35. Rxg2 N@b6 36. R@a8+ Nxa8 37. Nxa8 Kxa8 38. N@c7+ Kb8 39. Rxg4 
Q@f3+ 40. B@g2 Qxg4 41. B@h3 Qxg2+ 42. Bxg2 R@e1# 
{JKiller forfeits on time} 0-1

[Event "fics rated crazyhouse match"]
[Site "fics, Oklahoma City, OK USA"]
[Date "2001.01.05"]
[White "JiggaB"]
[WhiteElo "2290"]
[Black "JKiller"]
[BlackElo "2383"]
[TimeControl "60+0"]
[Result "0-1"]

1. e4 e6 2. d4 Nc6 3. Nc3 d5 4. e5 f6 5. Nf3 fxe5 6. Nxe5 
Nxe5 7. dxe5 N@f7 8. P@d4 P@f6 9. Bb5+ c6 10. Be2 fxe5 11. dxe5 Nxe5 
12. P@d4 Nf7 13. N@e5 Nxe5 14. dxe5 N@f7 15. Bh5 P@g6 16. Bxg6 hxg6 17. P@d6 
B@a5 18. Bf4 P@f6 19. exf6 Nxf6 20. P@e7 Bxe7 21. dxe7 Qxe7 22. B@g3 e5 
23. Bd2 P@f4 24. Bgxf4 exf4+ 25. P@e2 P@e3 26. fxe3 fxe3 27. Bc1 P@f2+ 28. Kf1 
P@h3 29. gxh3 Bxh3+ 30. P@g2 Bxg2+ 31. Kxg2 B@h3+ 32. Kf3 P@g4+ 33. Kg3 Nh5# 
{JiggaB checkmated} 0-1

[Event "fics rated crazyhouse match"]
[Site "fics, Oklahoma City, OK USA"]
[Date "2001.01.05"]
[White "JKiller"]
[WhiteElo "2389"]
[Black "JiggaB"]
[BlackElo "2284"]
[TimeControl "60+0"]
[Result "1-0"]

1. e4 Nc6 2. d4 e6 3. d5 exd5 4. exd5 Ne5 5. Bf4 d6 6. Bxe5 
dxe5 7. Nf3 Bd6 8. Bb5+ P@d7 9. P@e6 fxe6 10. dxe6 Nh6 11. P@f7+ Kf8 
12. exd7 Bxd7 13. Bxd7 Qxd7 14. Nc3 B@b4 15. Nxe5 Bxc3+ 16. bxc3 Qe6 17. N@d7+ 
Ke7 18. B@b3 Qf5 19. P@g4 Qf6 20. Nxf6 gxf6 21. Q@d7+ Kf8 22. B@e3 P@g5 
23. Bxg5 B@g7 24. Bxh6 Bxh6 25. N@e6# 
{JiggaB checkmated} 1-0

[Event "fics rated crazyhouse match"]
[Site "fics, Oklahoma City, OK USA"]
[Date "2001.01.05"]
[White "JiggaB"]
[WhiteElo "2278"]
[Black "JKiller"]
[BlackElo "2395"]
[TimeControl "60+0"]
[Result "0-1"]

1. e4 e6 2. Nf3 Nc6 3. Bb5 Nf6 4. Bxc6 bxc6 5. e5 Nd5 6. d4 
Ba6 7. Bg5 B@e7 8. Bxe7 Bxe7 9. N@h5 Rg8 10. B@b3 Rb8 11. Bxd5 cxd5 
12. Nxg7+ Rxg7 13. P@f6 Bxf6 14. exf6 Qxf6 15. B@e5 Qg6 16. Bxg7 Qxg7 17. N@h5 
Qg6 18. R@g5 Qe4+ 19. Kd2 B@f4+ 20. Nxf4 Qxf4+ 21. B@e3 N@e4+ 22. Kc1 Qf6 
23. Nbd2 P@c3 24. Nb3 cxb2+ 25. Kxb2 B@c3+ 26. Kc1 P@b2+ 27. Kb1 N@a3# 
{JiggaB checkmated} 0-1

[Event "fics rated crazyhouse match"]
[Site "fics, Oklahoma City, OK USA"]
[Date "2001.01.05"]
[White "sysco"]
[WhiteElo "2210"]
[Black "RFrancisco"]
[BlackElo "2409"]
[TimeControl "60+0"]
[Result "0-1"]

1. e4 e5 2. Bc4 Nc6 3. d3 Bc5 4. Nf3 Nf6 5. O-O O-O 6. Bg5 
d6 7. h3 h6 8. Bxf6 Qxf6 9. N@d5 Qg6 10. Kh2 Bxf2 11. b4 Bxh3 
12. gxh3 Qg3# 
{sysco resigns} 0-1

[Event "fics rated crazyhouse match"]
[Site "fics, Oklahoma City, OK USA"]
[Date "2001.01.05"]
[White "RFrancisco"]
[WhiteElo "2413"]
[Black "sysco"]
[BlackElo "2206"]
[TimeControl "60+0"]
[Result "0-1"]

1. e4 d5 2. exd5 e6 3. dxe6 Bxe6 4. d4 Nf6 5. Nc3 Bb4 6. Bd3 
Nc6 7. Nf3 P@g4 8. Ng5 Nxd4 9. P@h6 gxh6 10. Nxe6 Nxe6 11. Bxh6 Bxc3+ 
12. bxc3 N@h4 13. B@f1 P@f3 14. B@g5 fxg2 15. Bxh4 gxh1=Q 16. Qe2 N@f3+ 17. Kd1 
P@b2 18. N@g7+ Kd7 19. Rb1 R@a1 20. Bb5+ Kc8+ 21. P@d7+ Kb8 22. Nxe6 Rxb1# 
{RFrancisco resigns} 0-1

[Event "fics rated crazyhouse match"]
[Site "fics, Oklahoma City, OK USA"]
[Date "2001.01.05"]
[White "sysco"]
[WhiteElo "2219"]
[Black "RFrancisco"]
[BlackElo "2401"]
[TimeControl "60+0"]
[Result "1-0"]

1. e4 e5 2. Nf3 Nc6 3. Bc4 Bc5 4. d3 Nf6 5. Bg5 O-O 6. Nc3 
d6 7. h3 h6 8. Bh4 Nd4 9. O-O Nxf3+ 10. Qxf3 N@d4 11. Qg3 Bb4 
12. Bxf6 Qxf6 13. N@h5 Qg6 14. N@e7# 
{RFrancisco resigns} 1-0

[Event "fics rated crazyhouse match"]
[Site "fics, Oklahoma City, OK USA"]
[Date "2001.01.05"]
[White "RFrancisco"]
[WhiteElo "2389"]
[Black "sysco"]
[BlackElo "2232"]
[TimeControl "60+0"]
[Result "1-0"]

1. e4 d5 2. exd5 e6 3. d4 Nf6 4. Nc3 Bb4 5. P@h6 Nxd5 6. Bd2 
Rg8 7. Nxd5 Bxd2+ 8. Qxd2 Qxd5 9. hxg7 N@e4 10. B@f3 B@f6 11. Bxe4 Qxe4+ 
12. Be2 Bxd4 13. N@h5 Bxf2+ 14. Kd1 Bxg1 15. N@f6# 
{sysco resigns} 1-0

[Event "fics rated crazyhouse match"]
[Site "fics, Oklahoma City, OK USA"]
[Date "2001.01.05"]
[White "sysco"]
[WhiteElo "2227"]
[Black "RFrancisco"]
[BlackElo "2394"]
[TimeControl "60+0"]
[Result "0-1"]

1. e4 Nf6 2. Nc3 d5 3. exd5 Nxd5 4. d4 Nxc3 5. bxc3 e5 6. Nf3 
exd4 7. cxd4 Bb4+ 8. P@d2 P@c3 9. N@h5 Qe7+ 10. Qe2 N@e4 11. Nxg7+ Kd8 
12. P@e5 P@b2 13. Rb1 bxc1=Q+ 14. Rxc1 cxd2+ 15. Nxd2 P@e3 16. Qxe3 Bxd2+ 17. Qxd2 
Nxd2 18. P@f6 N@f3+ 19. gxf3 Nxf3+ 20. Ke2 Nxd4+ 21. Kd3 P@c4+ 22. Kxd4 Nc6+ 
23. Kxc4 Qb4+ 24. Kd3 Q@e4# 
{sysco checkmated} 0-1

[Event "fics rated crazyhouse match"]
[Site "fics, Oklahoma City, OK USA"]
[Date "2001.01.05"]
[White "RFrancisco"]
[WhiteElo "2398"]
[Black "sysco"]
[BlackElo "2222"]
[TimeControl "60+0"]
[Result "0-1"]

1. e4 e6 2. d4 Nc6 3. Nc3 Bb4 4. Nf3 Nf6 5. e5 Nd5 6. Bd3 
Nxc3 7. bxc3 Bxc3+ 8. Bd2 P@g4 9. Ng5 Qxg5 10. Bxc3 N@h4 11. Rg1 N@f4 
12. B@f1 Nd5 13. Bd2 Qxd2+ 14. Qxd2 B@b4 15. Qxb4 Ncxb4 16. N@h5 Q@c3+ 17. Ke2 
Qxd4 18. Nxg7+ Kd8 19. B@g5+ P@e7 20. Bxh4 Qxe5+ 21. P@e4 Nf4+ 22. Kd2 Qxa1 
23. Bxe7+ Kxe7 24. N@f5+ exf5 25. Nxf5+ Kf6 26. Q@e7+ Kg6 27. P@h5+ Nxh5 28. Ng3 
B@g5+ 29. f4 Bxe7 
{RFrancisco forfeits on time} 0-1

[Event "fics rated crazyhouse match"]
[Site "fics, Oklahoma City, OK USA"]
[Date "2001.01.05"]
[White "sysco"]
[WhiteElo "2234"]
[Black "RFrancisco"]
[BlackElo "2386"]
[TimeControl "60+0"]
[Result "0-1"]

1. e4 e5 2. Bc4 Nc6 3. d3 Bc5 4. Nf3 Nf6 5. O-O O-O 6. Bg5 
h6 7. Bh4 d6 8. h3 Be6 9. Nc3 Bxc4 10. dxc4 B@h5 11. Bxf6 Qxf6 
12. Nd5 Qd8 13. B@h4 B@g5 14. Bxg5 hxg5 15. N@f5 B@e6 16. Nxg7 Kxg7 17. B@f6+ 
Qxf6 18. Nxf6 Kxf6 19. P@d5 N@f4 20. dxc6 B@g6 21. h4 g4 22. Q@g5+ Kg7 
23. Nxe5 dxe5 24. P@f6+ Kh7 25. Qxe5 N@h3+ 26. gxh3 Nxh3+ 27. Kh2 P@g3+ 28. fxg3 
N@f3+ 29. Rxf3 gxf3 30. N@g5+ Nxg5 31. Qxg5 R@g2+ 32. Kh1 N@f2# 
{sysco checkmated} 0-1

[Event "fics rated crazyhouse match"]
[Site "fics, Oklahoma City, OK USA"]
[Date "2001.01.05"]
[White "RFrancisco"]
[WhiteElo "2391"]
[Black "sysco"]
[BlackElo "2229"]
[TimeControl "60+0"]
[Result "1-0"]

1. e4 e6 2. Nc3 Nc6 3. d4 Bb4 4. Nf3 Nf6 5. e5 Nd5 6. Bd3 
Nxc3 7. bxc3 Bxc3+ 8. Bd2 P@g4 9. Bxc3 gxf3 10. Qxf3 N@h4 11. Qg3 N@f5 
12. Bxf5 Nxf5 13. Qxg7 Nxg7 14. N@f6+ Qxf6 15. exf6 Q@e4+ 16. B@e3 Qxg2 17. fxg7 
Qxh1+ 18. Kd2 N@e4+ 19. Kd3 B@a6+ 20. P@c4 Bxc4+ 21. Kxc4 d5+ 22. Kb3 P@c4+ 
23. Ka3 P@b4+ 24. Bxb4 Qxa1 25. gxh8=Q+ R@f8 26. Qxf8+ Kd7 27. Q@e8# 
{sysco checkmated} 1-0

[Event "fics rated crazyhouse match"]
[Site "fics, Oklahoma City, OK USA"]
[Date "2001.01.05"]
[White "sysco"]
[WhiteElo "2224"]
[Black "RFrancisco"]
[BlackElo "2396"]
[TimeControl "60+0"]
[Result "0-1"]

1. d4 e5 2. dxe5 Nc6 3. Nf3 d6 4. exd6 Bxd6 5. e4 Nf6 6. Bg5 
P@a3 7. Nxa3 Bxa3 8. bxa3 Bg4 9. B@h4 N@c3 10. Qxd8+ Rxd8 11. P@d2 Bxf3 
12. gxf3 Ncxe4 13. Bxf6 P@c3 14. Bxc3 Nxc3 15. B@b5 Q@e6+ 16. P@e4 N@d4 17. Bxc6+ 
bxc6 18. P@e2 Nxc2# 
{sysco checkmated} 0-1